Map: 2000 Atmospheres LE

Players

Harstem

  • Race: Protoss Protoss

ShoWTimE - Winner!

  • Race: Protoss Protoss

Event: DreamHack SC2 Masters 2021 Winter

VOD

Have the link to the VOD?

Description

Time

  • Played on: Oct. 5, 2021, 11:51 a.m.
  • Length: 26:05

All games in this series

Show
View Real Time Build Order
Export as new Build Order

Harstem Protoss 

Build Orders: Phoenix Opening, Blink Stalkers 

Get SALT Encoding   

  12  0:00  Probe  
  13  0:12  Probe  
  14  0:17  Pylon  
  14  0:24  Probe  
  15  0:35  Gateway  
  15  0:37  Probe (Chrono Boost)  
  16  0:46  Assimilator, Probe (Chrono Boost)  
  17  0:51  Probe (Chrono Boost)  
  17  0:55  Assimilator  
  18  1:03  Probe (Chrono Boost)  
  19  1:07  Gateway  
  19  1:12  Probe (Chrono Boost)  
  19  1:17  Probe (Chrono Boost)  
  20  1:23  Cybernetics Core  
  21  1:29  Probe  
  22  1:36  Pylon  
  22  1:41  Probe  
  23  1:59  Stalker  
  26  2:04  Stalker  
  26  2:07  Probe  
  28  2:09  Warp Gate  
  28  2:12  Pylon  
  28  2:32  Sentry  
  28  2:34  Sentry  
  31  2:45  Nexus, Probe (Chrono Boost)  
  32  2:51  Twilight Council  
  32  2:57  Probe (Chrono Boost)  
  33  3:04  Shield Battery  
  34  3:05  Probe (Chrono Boost)  
  34  3:09  Phoenix  
  34  3:12  Probe  
  34  3:17  Pylon  
  35  3:24  Probe (Chrono Boost)  
  35  3:25  Blink (Chrono Boost)  
  37  3:35  Probe (Chrono Boost)  
  37  3:40  Probe (Chrono Boost)  
  38  3:52  Probe (Chrono Boost)  
  39  3:57  Probe (Chrono Boost)  
  39  4:01  Phoenix  
  41  4:07  Probe x2 (Chrono Boost)  
  42  4:12  Nexus, Probe (Chrono Boost)  
  42  4:14  Probe  
  44  4:17  Stalker  
  44  4:22  Sentry  
  44  4:24  Probe  
  49  4:25  Pylon  
  49  4:27  Probe  
  50  4:32  Forge  
  50  4:36  Probe  
  51  4:39  Probe  
  51  4:40  Stalker  
  54  4:47  Stalker  
  54  4:48  Probe  
  54  4:51  Pylon  
  54  4:52  Probe  
  58  4:58  Robotics Facility  
  58  5:00  Probe  
  58  5:05  Stalker  
  58  5:06  Probe  
  62  5:10  Assimilator, Shield Battery  
  62  5:14  Stalker  
  62  5:15  Probe  
  65  5:22  Probe  
  65  5:24  Probe  
  65  5:27  Probe  
  68  5:33  Stalker  
  68  5:35  Protoss Ground Weapons Level 1 (Chrono Boost)  
  68  5:38  Probe x2 (Chrono Boost)  
  68  5:39  Probe (Chrono Boost)  
  66  5:48  Probe (Chrono Boost)  
  66  5:49  Observer, Probe x2 (Chrono Boost)  
  67  5:51  Stalker  
  67  5:53  Probe (Chrono Boost)  
  67  5:54  Probe x2 (Chrono Boost)  
  72  5:59  Gateway, Phoenix  
  72  6:00  Gateway  
  72  6:02  Charge  
  72  6:03  Probe  
  73  6:04  Probe  
  73  6:06  Probe  
  73  6:09  Stalker  
  77  6:15  Probe  
  77  6:16  Stalker, Probe  
  77  6:18  Probe  
  82  6:22  Assimilator  
  82  6:26  Assimilator  
  82  6:28  Probe  
  82  6:29  Probe  
  82  6:30  Gateway  
  82  6:31  Gateway  
  84  6:33  Stalker, Probe  
  84  6:35  Observer  
  84  6:37  Pylon  
  88  6:40  Probe  
  88  6:41  Probe  
  88  6:45  Probe  
  91  6:47  Pylon  
  91  6:51  Stalker  
  91  6:52  Robotics Bay  
  93  6:55  Probe  
  93  6:57  Robotics Facility, Probe  
  93  6:59  Assimilator  
  96  7:02  Stalker  
  96  7:06  Pylon  
  96  7:08  Pylon  
  97  7:13  Stalker x2  
  101  7:18  Pylon  
  101  7:19  Probe  
  103  7:29  Nexus  
  102  7:31  Protoss Ground Weapons Level 2 (Chrono Boost), Pylon  
  102  7:40  Disruptor (Chrono Boost)  
  102  7:42  Probe  
  106  7:50  Stalker x2  
  106  7:51  Stalker x4  
  118  7:57  Probe x2  
  118  7:58  Probe, Disruptor (Chrono Boost)  
  121  8:01  Pylon  
  121  8:04  Photon Cannon  
  124  8:05  Photon Cannon  
  124  8:06  Shield Battery  
  124  8:09  Probe x2  
  124  8:12  Photon Cannon  
  126  8:23  Disruptor (Chrono Boost)  
  126  8:26  Disruptor (Chrono Boost)  
  129  8:33  Stalker  
  129  8:34  Stalker x2  
  136  8:35  Observer, Probe  
  136  8:36  Pylon  
  136  8:38  Gateway  
  136  8:40  Gateway  
  135  8:41  Probe  
  135  8:44  Zealot x3  
  142  8:53  Probe x2  
  142  8:55  Photon Cannon  
  142  8:56  Disruptor (Chrono Boost)  
  142  9:00  Probe  
  142  9:02  Photon Cannon  
  146  9:03  Stalker x2  
  146  9:04  Disruptor (Chrono Boost)  
  153  9:10  Zealot x2  
  153  9:16  Probe, Dark Shrine  
  158  9:19  Zealot x2  
  162  9:38  Disruptor (Chrono Boost)  
  163  9:39  Observer (Chrono Boost), Probe  
  163  9:42  Pylon  
  163  9:43  Pylon  
  167  9:47  Zealot x2  
  167  9:48  Observer, Probe  
  167  9:49  Pylon  
  167  9:52  Pylon  
  172  9:53  Assimilator  
  172  9:54  Assimilator  
  172  9:55  Pylon  
  172  10:05  Stalker x6  
  184  10:09  Probe  
  184  10:11  Protoss Ground Weapons Level 3 (Chrono Boost)  
  184  10:13  Probe  
  186  10:14  Photon Cannon  
  186  10:17  Stargate  
  186  10:22  Photon Cannon  
  186  10:24  Photon Cannon  
  186  10:25  Pylon  
  182  10:40  Shadow Stride (Chrono Boost)  
  182  10:41  Stalker x5  
  186  10:46  Nexus  
  186  10:53  Observer  
  186  10:56  Disruptor x2  
  190  11:08  Photon Cannon  
  190  11:09  Stalker x2, Pylon  
  190  11:10  Stalker x4  
  200  11:12  Photon Cannon  
  200  11:31  Observer  
  198  11:38  Observer x2  
  196  11:44  Dark Templar x2  
  196  11:45  Gravitic Boosters (Chrono Boost), Dark Templar  
  196  12:00  Zealot  
  199  12:04  Observer (Chrono Boost)  
  199  12:07  Observer (Chrono Boost)  
  200  12:20  Photon Cannon  
  200  12:22  Photon Cannon  
  200  12:23  Photon Cannon  
  200  12:26  Shield Battery  
  200  12:27  Pylon  
  196  12:32  Pylon  
  196  12:33  Photon Cannon  
  196  12:36  Photon Cannon, Disruptor (Chrono Boost)  
  196  12:38  Zealot x2  
  196  12:43  Disruptor (Chrono Boost)  
  183  12:51  Observer  
  183  12:56  Dark Templar x2  
  183  12:57  Zealot x3, Dark Templar  
  175  13:07  Dark Templar  
  175  13:09  Disruptor (Chrono Boost)  
  175  13:10  Zealot  
  161  13:13  Probe  
  154  13:31  Disruptor  
  149  13:36  Zealot x7  
  149  13:38  Disruptor  
  148  14:00  Stalker x2  
  148  14:01  Stalker x6  
  157  14:06  Disruptor  
  156  14:13  Disruptor  
  157  14:18  Probe x2  
  159  14:28  Zealot x5, Dark Templar  
  159  14:29  Zealot, Nexus  
  159  14:31  Probe  
  173  14:32  Photon Cannon x2  
  173  14:33  Photon Cannon  
  173  14:34  Photon Cannon  
  173  14:35  Shield Battery  
  173  14:36  Photon Cannon, Shield Battery  
  173  14:43  Observer  
  172  14:50  Observer  
  172  14:51  Nexus  
  173  14:54  Pylon  
  173  14:55  Assimilator  
  173  14:57  Stalker x3  
  173  14:58  Stalker  
  179  15:00  Assimilator  
  177  15:17  Zealot x4  
  171  15:33  Probe  
  172  15:40  Stalker, Observer  
  172  15:41  Stalker x5  
  184  15:52  Observer  
  156  16:18  Stalker x2  
  156  16:19  Stalker x6  
  162  16:29  Disruptor  
  161  16:45  Probe (Chrono Boost)  
  162  16:48  Probe (Chrono Boost)  
  162  16:50  Probe (Chrono Boost)  
  162  16:51  Probe (Chrono Boost)  
  162  16:53  Assimilator  
  164  16:57  Stalker x8, Probe (Chrono Boost)  
  164  17:00  Probe (Chrono Boost)  
  184  17:02  Probe (Chrono Boost)  
  184  17:03  Probe (Chrono Boost)  
  182  17:09  Observer  
  182  17:14  Pylon  
  182  17:17  Disruptor  
  182  17:22  Zealot x7  
  197  17:38  Disruptor  
  170  18:00  Stalker x2, Sentry  
  170  18:01  Stalker x5  
  186  18:09  Disruptor  
  187  18:18  Photon Cannon  
  187  18:20  Photon Cannon x2  
  187  18:21  Observer  
  187  18:23  Photon Cannon, Probe  
  187  18:26  Zealot x5, Dark Templar  
  200  18:48  Protoss Shields Level 1 (Chrono Boost)  
  198  19:03  Protoss Air Weapons Level 1 (Chrono Boost)  
  198  19:04  Stalker  
  200  19:11  Observer  
  200  19:13  Observer  
  200  19:16  Dark Templar  
  200  19:22  Dark Templar x2  
  196  19:24  Disruptor  
  196  19:27  Pylon  
  184  19:37  Probe  
  184  19:38  Stalker x4  
  179  19:57  Disruptor  
  167  20:01  Disruptor  
  167  20:06  Zealot x7  
  172  20:16  Nexus  
  166  20:26  Stalker x2  
  166  20:27  Stalker x2  
  157  20:28  Zealot x4  
  157  20:34  Observer  
  162  20:37  Disruptor  
  150  20:47  Nexus  
  148  20:55  Disruptor  
  123  21:04  Zealot x4  
  123  21:05  Stalker x4  
  130  21:23  Observer, Disruptor (Chrono Boost)  
  128  21:31  Observer (Chrono Boost)  
  130  21:37  Zealot x4  
  130  21:38  Stalker x2  
  142  21:49  Zealot x2  
  144  21:58  Disruptor  
  144  22:00  Observer  
  147  22:12  Dark Templar  
  147  22:13  Zealot x3  
  147  22:37  Zealot x2, Dark Templar  
  147  22:38  Zealot x2  
  147  22:40  Observer  
  154  22:48  Disruptor  
  156  23:22  Disruptor  
  156  23:24  Disruptor  
  132  23:44  Dark Templar  
  132  23:45  Dark Templar x2  
  133  24:04  Observer  
  128  24:38  Observer x2  
  120  25:05  Sentry x2  
  124  25:16  Observer x2  
Show
View Real Time Build Order
Export as new Build Order

ShoWTimE Protoss - Winner!

Build Orders: Phoenix Opening, Blink Stalkers 

Get SALT Encoding   

  12  0:00  Probe  
  13  0:12  Probe  
  14  0:17  Pylon  
  14  0:24  Probe (Chrono Boost)  
  15  0:36  Gateway, Probe (Chrono Boost)  
  16  0:44  Probe (Chrono Boost)  
  16  0:46  Assimilator  
  17  0:51  Probe  
  18  1:03  Probe (Chrono Boost)  
  19  1:04  Assimilator  
  19  1:09  Gateway  
  19  1:14  Probe (Chrono Boost)  
  20  1:19  Probe (Chrono Boost)  
  21  1:25  Cybernetics Core  
  21  1:29  Probe  
  22  1:36  Pylon  
  22  1:41  Probe  
  23  1:54  Probe  
  24  2:01  Stalker x2  
  24  2:03  Warp Gate  
  24  2:06  Probe  
  29  2:13  Pylon  
  29  2:26  Shield Battery  
  29  2:32  Sentry x2  
  32  2:48  Nexus  
  32  2:51  Probe  
  33  3:00  Shield Battery  
  33  3:03  Probe  
  36  3:10  Twilight Council  
  34  3:15  Probe  
  34  3:16  Sentry  
  37  3:22  Pylon  
  37  3:27  Probe (Chrono Boost)  
  38  3:38  Probe (Chrono Boost)  
  39  3:41  Blink (Chrono Boost)  
  39  3:43  Probe (Chrono Boost)  
  39  3:48  Phoenix  
  40  3:53  Probe (Chrono Boost)  
  43  4:03  Probe (Chrono Boost)  
  43  4:04  Probe (Chrono Boost)  
  43  4:07  Stalker  
  46  4:10  Probe (Chrono Boost)  
  46  4:11  Stalker, Probe (Chrono Boost)  
  46  4:15  Probe (Chrono Boost)  
  49  4:20  Probe  
  51  4:27  Probe  
  52  4:32  Probe  
  52  4:34  Stalker x2  
  57  4:39  Probe  
  57  4:41  Pylon  
  57  4:44  Probe  
  59  4:50  Nexus  
  59  4:57  Adept  
  59  4:59  Adept  
  63  5:00  Probe x2  
  63  5:04  Assimilator  
  65  5:09  Robotics Facility  
  65  5:16  Forge  
  65  5:17  Probe, Pylon  
  65  5:19  Probe  
  67  5:28  Phoenix  
  67  5:29  Probe  
  67  5:31  Probe  
  67  5:41  Probe  
  68  5:43  Probe  
  68  5:45  Protoss Ground Weapons Level 1 (Chrono Boost)  
  68  5:49  Stalker x2  
  71  5:52  Pylon  
  71  5:54  Probe  
  71  5:55  Probe  
  71  5:57  Observer, Shield Battery  
  72  5:58  Phoenix  
  72  6:03  Gateway x2  
  73  6:06  Probe (Chrono Boost)  
  73  6:07  Probe (Chrono Boost)  
  75  6:11  Probe (Chrono Boost)  
  75  6:16  Probe (Chrono Boost)  
  75  6:17  Probe (Chrono Boost)  
  75  6:18  Gateway  
  78  6:19  Gateway  
  78  6:21  Observer  
  78  6:23  Probe x2 (Chrono Boost)  
  78  6:25  Probe (Chrono Boost)  
  81  6:27  Charge  
  81  6:29  Probe  
  81  6:30  Assimilator x2, Probe  
  83  6:33  Probe  
  83  6:34  Phoenix  
  83  6:39  Templar Archives  
  84  6:41  Probe  
  84  6:42  Probe  
  84  6:46  Gateway, Pylon  
  86  6:47  Probe  
  86  6:49  Gateway  
  86  6:50  Stalker  
  86  6:53  Probe  
  90  6:58  Immortal (Chrono Boost)  
  94  7:04  Probe  
  94  7:06  Probe  
  94  7:07  Assimilator  
  96  7:09  Pylon  
  96  7:19  Zealot x4  
  96  7:21  Pylon  
  104  7:25  Nexus  
  104  7:28  Pylon  
  104  7:35  Stalker x2  
  108  7:38  Protoss Ground Weapons Level 2 (Chrono Boost)  
  108  7:39  Warp Prism (Chrono Boost)  
  108  7:41  Probe x2  
  108  7:42  Probe  
  111  7:50  Zealot x2  
  111  7:51  Zealot  
  117  7:57  Pylon  
  117  7:58  High Templar x4  
  125  8:00  Zealot  
  125  8:02  Archon x2  
  127  8:08  Photon Cannon  
  127  8:12  Robotics Bay  
  127  8:14  Robotics Facility  
  125  8:25  Zealot  
  125  8:26  Zealot x3  
  131  8:27  Probe x2  
  131  8:28  Probe  
  134  8:39  Probe  
  134  8:40  Probe x2  
  134  8:41  Zealot x4  
  143  8:42  Probe  
  144  8:52  Probe x3  
  144  8:54  Assimilator, Probe, Pylon  
  148  8:58  Assimilator, Disruptor (Chrono Boost)  
  148  9:00  Disruptor (Chrono Boost)  
  151  9:04  Probe x2  
  156  9:11  Stalker  
  156  9:12  Stalker x2, Probe  
  156  9:14  Pylon  
  163  9:18  Pylon  
  163  9:20  Pylon  
  163  9:31  Disruptor x2 (Chrono Boost)  
  161  9:33  Photon Cannon  
  161  9:34  Photon Cannon  
  161  9:35  Dark Shrine  
  161  9:36  Shield Battery  
  167  9:45  Stalker x6  
  179  9:49  Pylon  
  159  10:00  Probe x2  
  159  10:01  Protoss Ground Weapons Level 3 (Chrono Boost)  
  159  10:06  Observer (Chrono Boost), Probe  
  163  10:08  Disruptor (Chrono Boost)  
  163  10:11  Photon Cannon x2  
  163  10:12  Photon Cannon  
  163  10:14  Photon Cannon  
  166  10:16  Stalker x3  
  166  10:17  Stalker  
  166  10:18  Zealot  
  176  10:22  Zealot  
  176  10:26  Zealot x2  
  182  10:29  Disruptor  
  181  10:41  Gravitic Boosters (Chrono Boost)  
  181  10:51  Shadow Stride (Chrono Boost)  
  181  10:58  Dark Templar x4  
  181  10:59  Nexus, Dark Templar x3  
  181  11:00  Pylon  
  193  11:06  Probe x2  
  195  11:11  Pylon  
  195  11:16  Observer  
  195  11:18  Pylon  
  196  11:20  Pylon  
  196  11:24  Probe  
  189  11:27  Dark Templar  
  190  11:33  Zealot  
  190  11:34  Zealot x2  
  190  11:38  Dark Templar x2  
  190  11:39  Observer, Dark Templar x2  
  200  11:46  Disruptor (Chrono Boost)  
  195  11:53  Probe x3  
  194  11:58  Dark Templar x3  
  189  12:15  Photon Cannon  
  185  12:16  Photon Cannon  
  185  12:17  Photon Cannon, Dark Templar x2  
  185  12:18  Photon Cannon, Dark Templar  
  185  12:20  Photon Cannon  
  185  12:21  Disruptor (Chrono Boost)  
  185  12:22  Photon Cannon  
  191  12:24  Photon Cannon  
  192  12:33  Disruptor (Chrono Boost)  
  195  12:41  Stalker x4  
  199  12:51  Observer  
  199  12:55  Stalker x4  
  189  13:07  Disruptor  
  189  13:09  Stalker x3  
  184  13:30  Stalker x5  
  161  13:36  Stalker x3  
  161  13:37  Disruptor  
  163  13:41  Gateway  
  163  13:42  Probe x3  
  163  13:43  Assimilator x2, Probe  
  163  13:48  Gateway, Observer  
  144  13:58  Zealot  
  144  13:59  Zealot x7  
  138  14:09  Disruptor (Chrono Boost)  
  135  14:14  Observer (Chrono Boost)  
  130  14:19  Stalker x2  
  130  14:20  Stalker x6  
  143  14:31  Disruptor (Chrono Boost)  
  143  14:38  Stalker  
  148  14:42  Nexus  
  148  14:45  Pylon  
  144  14:47  Zealot x9  
  144  14:49  Disruptor  
  165  14:59  Disruptor  
  166  15:12  Stalker x2  
  166  15:13  Zealot x8  
  178  15:32  Disruptor (Chrono Boost)  
  167  15:36  Stalker  
  167  15:37  Stalker x9  
  167  15:42  Disruptor (Chrono Boost)  
  181  16:00  Stalker x5  
  181  16:01  Observer (Chrono Boost)  
  182  16:08  Dark Templar  
  172  16:12  Observer  
  152  16:20  Observer  
  152  16:25  Zealot x6  
  151  16:26  Zealot x3  
  151  16:31  Shield Battery  
  151  16:32  Disruptor  
  162  16:40  Disruptor  
  162  16:45  Dark Templar  
  167  16:49  Observer, Dark Templar x3  
  167  16:50  Zealot x6  
  185  17:04  Nexus  
  185  17:08  Disruptor  
  182  17:10  Observer  
  182  17:15  Pylon  
  185  17:17  Observer  
  185  17:18  Protoss Shields Level 1 (Chrono Boost)  
  185  17:21  Pylon  
  186  17:27  Dark Templar x2  
  186  17:28  Zealot x4  
  186  17:29  Zealot x3  
  198  17:38  Observer  
  148  17:55  Stalker x5  
  148  17:56  Stalker x3  
  148  17:58  Disruptor (Chrono Boost)  
  161  18:01  Disruptor (Chrono Boost)  
  155  18:19  Stalker x3, Zealot  
  163  18:20  Zealot x6  
  175  18:27  Disruptor (Chrono Boost)  
  177  18:41  Photon Cannon  
  171  19:01  Stalker x8  
  171  19:02  Stalker  
  187  19:04  Observer  
  179  19:23  Observer  
  174  19:32  Nexus  
  174  19:38  Stalker x4  
  174  19:39  Stalker x4  
  178  20:02  Stalker x4  
  178  20:03  Stalker x2  
  171  20:29  Dark Templar x3  
  177  20:40  Zealot x7  
  186  20:50  Observer  
  186  20:51  Observer  
  157  21:07  Stalker x3  
  163  21:15  Nexus  
  161  21:26  Pylon  
  161  21:30  Stalker x4  
  165  21:57  Observer  
  165  22:08  Zealot x4, Dark Templar x4  
  181  22:16  Photon Cannon  
  179  22:43  Zealot x7  
  179  22:44  Zealot  
  195  23:01  Dark Templar x2  
  195  23:02  Pylon  
  196  23:25  Zealot x3  
  200  23:31  Observer  
  184  23:42  Stalker x7  
  184  23:44  Photon Cannon  
  184  23:48  Assimilator x2  
  198  23:52  Observer  
  198  23:53  Observer  
  196  24:00  Stalker x2  
  192  24:14  Nexus  
  180  24:20  Zealot  
  178  24:26  Photon Cannon  
  170  24:44  Stalker x2  
  167  24:51  Observer  
  167  24:52  Observer  
  160  24:57  Stalker x5  
  170  25:03  Pylon  
  170  25:13  Observer x2  
  170  25:14  Stalker x2  
  158  25:35  Zealot x2  
  158  25:36  Zealot x3  
  158  25:40  Dark Templar  

Tags
 
Add a new tag
Caveats
  • Supply blocks, unpowered buildings, or Contaminate may cause inaccurate times.
  • Supply counts are checked every 10 seconds.